 Dungeon Crawl Stone Soup version 0.18.1-48-g4cf74bf (webtiles) character file.

102828 poirepourri the Bludgeoner (level 16, -5/107 HPs)
             Began as a Gargoyle Fighter on July 11, 2016.
             Was the Champion of Makhleb.
             Killed from afar by a starcursed mass (7 damage)
             ... with an accursed screaming
             ... on level 2 of the Abyss.
             The game lasted 01:01:27 (27986 turns).

poirepourri the Bludgeoner (Gargoyle Fighter)      Turns: 27986, Time: 01:01:27

Health: -5/107     AC: 40    Str: 29    XL:     16   Next: 34%
Magic:  16/16      EV: 13    Int:  8    God:    Makhleb [******]
Gold:   555        SH: 15    Dex:  7    Spells: 0 memorised, 15 levels left

rFire  . . .     SeeInvis .     a - +6 flail (protect)
rCold  . . .     Gourm    .     r - +0 plate armour {rPois}
rNeg   + . .     Faith    .     c - +1 shield
rPois  ∞         Spirit   .     K - +2 helmet
rElec  +         Dismiss  .     l - +1 cloak
rCorr  .         Reflect  .     k - +1 pair of gloves
SustAt .         Harm     .     (no boots)
MR     ++...                    (no amulet)
Stlth  ..........               H - +3 ring of strength
                                j - +3 ring of evasion

@: very resistant to hostile enchantments, extremely unstealthy
A: big wings, hooves 1, blurry vision 1, clumsy 1, dopey 1, magic resistance 1,
negative energy resistance 1, shaggy fur 1, electricity resistance, unbreathing,
petrification resistance, rot immunity, subdued magic 1, AC +11
a: Fly, Minor Destruction, Lesser Servant of Makhleb, Major Destruction, Greater
Servant of Makhleb, Renounce Religion


You were on level 2 of the Abyss.
You worshipped Makhleb.
Makhleb was exalted by your worship.
You were not hungry.

You visited 4 branches of the dungeon, and saw 25 of its levels.
You visited the Abyss 1 time.

You collected 2364 gold pieces.
You spent 1809 gold pieces at shops.

Inventory:

Hand Weapons
 a - a +6 flail of protection (weapon)
 b - a +0 hand crossbow
Missiles
 L - 119 bolts
Armour
 c - a +1 shield (worn)
 k - a +1 pair of gloves (worn)
 l - a +1 cloak (worn)
 r - a +0 plate armour of poison resistance (worn)
 K - a +2 helmet (worn)
Jewellery
 j - a +3 ring of evasion (left hand)
 o - an uncursed amulet of faith
 y - an uncursed ring of wizardry {unknown}
 C - an uncursed ring of resist corrosion
 E - an uncursed ring of see invisible
 H - a +3 ring of strength (right hand)
 N - a +2 ring of evasion
 U - an uncursed ring of stealth
Wands
 h - a wand of slowing (16/48)
 p - a wand of flame (21/48)
 s - a wand of polymorph (18/24)
 x - a wand of iceblast (0/15)
 D - a wand of heal wounds (6/9)
 I - a wand of digging (13/24)
 P - a wand of lightning (5/15)
 Q - a wand of teleportation (3/9)
 R - a wand of lightning (0/15)
 S - a wand of paralysis (14/24)
 T - a wand of lightning (2/15)
Scrolls
 d - 4 scrolls of fog
 e - 5 scrolls of fear
 n - 2 scrolls of recharging
 q - 8 scrolls of remove curse
 u - 3 scrolls of teleportation
 v - 5 scrolls of magic mapping
 J - 2 scrolls of enchant armour
 W - a scroll of blinking
Potions
 A - 3 potions of flight
 B - 5 potions of magic
 G - 6 potions of lignification
 V - 2 potions of haste
 Z - 2 potions of cure mutation
Books
 F - a book of Conjurations

   Spells                             Type                      Level
   a - Magic Dart                     Conjuration                  1
   b - Searing Ray                    Conjuration                  2
   c - Dazzling Spray                 Conjuration/Hexes            3
   d - Fulminant Prism                Conjuration/Hexes            4
   e - Iskenderun's Mystic Blast      Conjuration                  4
   f - Iskenderun's Battlesphere      Conjuration/Charms           5
 M - a book of the Warp

   Spells                             Type                      Level
   a - Recall                         Summoning/Translocation      3
   b - Gell's Gravitas                Hexes/Translocation          3
   c - Force Lance                    Conjuration/Translocation    4
   d - Warp Weapon                    Charms/Translocation         5
   e - Summon Forest                  Summoning/Translocation      5
 O - a book of Summonings

   Spells                             Type                      Level
   a - Recall                         Summoning/Translocation      3
   b - Aura of Abjuration             Summoning                    5
   c - Summon Demon                   Summoning                    5
   d - Summon Forest                  Summoning/Translocation      5
   e - Summon Mana Viper              Hexes/Summoning              5
   f - Shadow Creatures               Summoning                    6
 X - a book of Enchantments

   Spells                             Type                      Level
   a - Cause Fear                     Hexes                        4
   b - Yara's Violent Unravelling     Hexes/Transmutation          5
   c - Silence                        Hexes/Air                    5
   d - Deflect Missiles               Charms/Air                   6
   e - Haste                          Charms                       6
   f - Discord                        Hexes                        8
 Y - a book of Geomancy

   Spells                             Type                      Level
   a - Sandblast                      Earth                        1
   b - Passwall                       Transmutation/Earth          2
   c - Stone Arrow                    Conjuration/Earth            3
   d - Petrify                        Transmutation/Earth          4
   e - Lee's Rapid Deconstruction     Earth                        5
Miscellaneous
 m - a lamp of fire
Comestibles
 f - 10 bread rations
 g - 6 slices of pizza
 t - 6 fruits
 w - 15 royal jellies


   Skills:
 + Level 14.6 Fighting
 + Level 16.4 Maces & Flails
 + Level 1.3 Crossbows
 + Level 10.4 Armour
 + Level 8.7 Dodging
 - Level 0.8 Stealth
 + Level 14.5 Shields
 + Level 1.2 Invocations
 + Level 1.0 Evocations


You had 15 spell levels left.
You didn't know any spells.

Dungeon Overview and Level Annotations

Branches:
Dungeon (14/15)            Temple (1/1) D:4            Lair (8/8) D:11
  Swamp (0/4) Lair:3       Spider (0/4) Lair:4        Slime (0/6) Lair:6
    Orc (2/2) D:9             Elf (0/3) Orc:2        Vaults (0/5) D:13

Altars:
Ashenzari
Cheibriados
Dithmenos
Elyvilon
Fedhas
Gozag
Kikubaaqudgha
Makhleb
Nemelex Xobeh
Okawaru
Pakellas
Qazlal
Ru
Sif Muna
Trog
Vehumet
Xom
Yredelemnul
Zin
The Shining One
Beogh

Shops:
D:4 %   D:8 [   D:9 =   D:10 ?*!!   Orc:2 !!([

Annotations:
D:14 Louise
Lair:8 1 runed door


Innate Abilities, Weirdness & Mutations

You are resistant to torment.
Your stone body is resilient (AC +11).
You are immune to poison.
Your large and strong wings let you fly indefinitely.
You resist negative energy.
You are resistant to electric shocks.
You can survive without breathing.
You are immune to petrification.
You are immune to rotting.
You have large cloven feet.
You are dopey. (Int -2)
You are resistant to hostile enchantments.
You are covered in fur (AC +1).
[Scrolls take you a little longer to read.]
[You are clumsy. (Dex -2)]
[Your spells are a little easier to cast, but a little less powerful.]


Message History

The starcursed mass engulfs your orange demon.
Your orange demon stings the starcursed mass but does no damage.
Your orange demon hits the starcursed mass but does no damage.
A chorus of shrieks assaults your mind.
* * * LOW HITPOINT WARNING * * *
Your orange demon stings the starcursed mass but does no damage.
Your orange demon completely misses the starcursed mass.
Unknown command.
You don't have enough health at the moment.
Your orange demon stings the starcursed mass from afar.
The starcursed mass shudders and withdraws towards its neighbour. x4
Drink which item? (? for menu, Esc to quit)
Okay, then.
Read which item? (? for menu, Esc to quit)
Okay, then.
You don't have enough health at the moment.
You don't have enough health at the moment.
You swap places.
The starcursed mass shrieks in your mind.
You die...

. #### .. . # .
#...## # .# . .#..
# ##..# # # ##
...#. #..##.####
##..@.#.# ##
#.#.#3.# #.#
###.###.## .
#.#.#4X.## .##
#.#..#X###..# .
... #.# ##. ##
#..X.X#X# #.X #..#
####..#X...X...##.
#.#.#..# . .


You could see a starcursed mass and a friendly neqoxec.

Vanquished Creatures
  Norris (D:13)
  A tentacled monstrosity (Abyss:2)
  Gastronok (D:9)
  Kirke (D:13)
  An orc warlord (Orc:2)
  Maud (Lair:5)
  Nessos (D:12)
  Snorg (D:12)
  A blizzard demon (Abyss:2)
  The ghost of Rationalist the Blocker, a journeyman FoFi of Qazlal (D:12)
  10 hydras
  7 death yaks
  2 thrashing horrors (Abyss:2)
  An orc high priest (Orc:2)
  Urug (Lair:3)
  The ghost of Aquadorian the Thaumaturge, a novice GrEE of Vehumet (Lair:1)
  2 wretched stars (Abyss:2)
  The ghost of TBriggs11TB the Basher, a novice MiFi of Makhleb (D:9)
  5 skeletal warriors
  2 starcursed masses (Abyss:2)
  A deep elf archer (Orc:2)
  7 hill giants
  2 orc knights
  An orc sorcerer (Orc:2)
  4 ugly things (D:13)
  An oklob plant (Lair:4)
  A deep elf mage (D:12)
  A necromancer (Lair:2)
  2 lindwurms (Lair:8)
  A griffon (Lair:7)
  2 cyclopes (D:13)
  A manticore (D:12)
  7 elephants
  Joseph (Lair:1)
  10 black mambas
  Psyche (D:8)
  2 smoke demons (Abyss:2)
  8 spiny frogs
  7 torpor snails (Lair:8)
  A gargoyle (D:13)
  3 komodo dragons
  A rime drake (Lair:4)
  A queen bee (D:13)
  The ghost of Rationalist the Shield-Bearer, an amateur FoFi (D:3)
  7 trolls
  2 two-headed ogres
  3 giant leeches (Lair:8)
  9 polar bears
  21 blink frogs
  5 raiju (Lair:8)
  A boulder beetle (Lair:7)
  A small abomination (Abyss:2)
  3 wyverns
  17 humans
  43 yaks
  Grum (D:10)
  2 hogs (D:13)
  4 steam dragons
  2 basilisks
  9 hippogriffs
  A hungry ghost (D:10)
  A mottled dragon (D:13)
  A soldier ant (D:11)
  7 wargs
  9 water moccasins
  9 porcupines
  7 hell hounds
  15 black bears
  2 ice beasts
  34 orc warriors
  2 phantoms
  4 sky beasts
  3 wasps (Lair:8)
  2 centaurs
  34 wolves
  18 ogres
  17 crocodiles
  A gnoll sergeant (D:11)
  23 giant frogs
  A wyvern skeleton (D:12)
  A water moccasin zombie (D:12)
  7 scorpions
  A water moccasin skeleton (D:8)
  20 killer bees
  A howler monkey (D:6)
  4 crimson imps
  A lava snake (D:13)
  3 centaur skeletons
  4 jellies
  20 hounds
  37 orc wizards
  A giant frog skeleton (D:12)
  23 orc priests
  7 iguanas
  5 worker ants
  2 polar bear simulacra (Lair:2)
  A killer bee zombie (D:8)
  4 yak simulacra (Lair:2)
  2 wolf simulacra (Lair:2)
  18 sheep
  3 hound skeletons
  A howler monkey zombie (D:9)
  A worker ant zombie (D:9)
  Robin (D:3)
  11 gnolls
  11 adders
  42 river rats
  3 shadow imps
  3 adder skeletons
  23 worms
  4 dart slugs
  4 giant geckos
  122 orcs
  A ball python (D:6)
  7 bats (D:2)
  7 giant cockroaches
  9 goblins (D:3)
  10 hobgoblins
  17 jackals
  6 kobolds
  5 quokkas
  A giant gecko skeleton (D:4)
  6 giant newts
  2 quokka skeletons (D:5)
  2 rats
  A river rat simulacrum (Lair:2)
  A fungus (Lair:6)
  A plant (Lair:7)
897 creatures vanquished.

Vanquished Creatures (collateral kills)
  An orc warlord (Orc:2)
  3 hydras
  A death yak (Lair:7)
  An ugly thing (D:13)
  A molten gargoyle (D:13)
  6 yaks (Lair:7)
  A hippogriff (Lair:7)
  A mottled dragon (D:13)
  8 orc warriors (Orc:2)
  An ogre (D:13)
  A crocodile (Lair:6)
  3 jellies (Lair:6)
  An iguana (Lair:6)
  A sheep (D:13)
  4 orcs (Orc:2)
  2 plants (Lair:7)
36 creatures vanquished.

Vanquished Creatures (others)
  A small abomination (Abyss:2)
  A sheep (D:13)
  26 fungi
  20 plants
48 creatures vanquished.

Grand Total: 981 creatures vanquished

Notes
Turn   | Place    | Note
--------------------------------------------------------------
     0 | D:1      | poirepourri the Gargoyle Fighter began the quest for the Orb.
     0 | D:1      | Reached XP level 1. HP: 14/14 MP: 1/1
   114 | D:1      | Reached XP level 2. HP: 19/19 MP: 2/2
   655 | D:2      | Reached XP level 3. HP: 23/24 MP: 3/3
   698 | D:2      | Found a sacrificial altar of Ru.
   821 | D:2      | Reached skill level 1 in Dodging
   911 | D:2      | Found an opulent altar of Gozag.
  1071 | D:2      | Reached XP level 4. HP: 23/29 MP: 4/4
  1274 | D:2      | Found a bloodstained altar of Trog.
  1605 | D:3      | Reached XP level 5. HP: 34/34 MP: 5/5
  1607 | D:3      | Noticed Robin
  1613 | D:3      | Killed Robin
  1721 | D:3      | Noticed Rationalist's ghost (amateur FoFi)
  1755 | D:3      | Killed Rationalist's ghost
  1755 | D:3      | Reached skill level 3 in Maces & Flails
  1755 | D:3      | Reached XP level 6. HP: 35/40 MP: 6/6
  1826 | D:3      | Reached skill level 5 in Fighting
  2012 | D:3      | Found a sparkling altar of Nemelex Xobeh.
  2380 | D:3      | Reached XP level 7. HP: 40/44 MP: 7/7
  2445 | D:4      | Found Owomp's Food Boutique.
  2523 | D:4      | Bought a meat ration for 60 gold pieces
  2523 | D:4      | Bought 4 fruits for 72 gold pieces
  2523 | D:4      | Bought 4 fruits for 72 gold pieces
  2523 | D:4      | Bought a bread ration for 60 gold pieces
  2523 | D:4      | Bought a beef jerky for 18 gold pieces
  2995 | D:4      | Reached skill level 4 in Maces & Flails
  3273 | D:4      | Found a staircase to the Ecumenical Temple.
  3285 | Temple   | Entered the Ecumenical Temple
  3940 | D:5      | Entered Level 5 of the Dungeon
  4077 | D:5      | Reached XP level 8. HP: 51/51 MP: 8/8
  4097 | D:5      | Found a shimmering altar of Xom.
  4233 | D:5      | Found a blossoming altar of Fedhas.
  4264 | D:5      | Reached skill level 5 in Maces & Flails
  4388 | D:5      | Reached skill level 5 in Dodging
  4834 | D:6      | Found a shattered altar of Ashenzari.
  5214 | D:6      | Reached skill level 6 in Maces & Flails
  5928 | D:6      | Gained mutation: You are resistant to hostile enchantments. [potion of beneficial mutation]
  6022 | D:7      | Found an ancient bone altar of Kikubaaqudgha.
  6044 | D:7      | Reached skill level 7 in Maces & Flails
  6051 | D:7      | Reached XP level 9. HP: 51/57 MP: 9/9
  6680 | D:8      | Reached skill level 8 in Maces & Flails
  6727 | D:8      | Found Jeyn's Armour Shoppe.
  6996 | D:8      | Noticed a hill giant
  7020 | D:8      | Killed a hill giant
  7020 | D:8      | Reached skill level 9 in Maces & Flails
  7537 | D:9      | Found Tyiwn's Jewellery Shoppe.
  7551 | D:9      | Bought a +3 ring of strength for 188 gold pieces
  7707 | D:9      | Noticed a troll
  7709 | D:9      | Noticed Gastronok
  7724 | D:9      | Noticed Psyche
  7743 | D:8      | Killed Psyche
  7743 | D:8      | Reached XP level 10. HP: 61/66 MP: 10/10
  7770 | D:9      | Reached skill level 10 in Maces & Flails
  7962 | D:9      | Noticed TBriggs11TB's ghost (novice MiFi)
  8072 | D:9      | Killed Gastronok
  8072 | D:9      | Reached skill level 10 in Fighting
  8072 | D:9      | Reached skill level 11 in Maces & Flails
  8239 | D:9      | Killed TBriggs11TB's ghost
  8330 | D:9      | Found a burning altar of Makhleb.
  8409 | D:9      | Found a staircase to the Orcish Mines.
  8463 | D:9      | Became a worshipper of Makhleb the Destroyer
  8567 | D:9      | Found a sparkling altar of Nemelex Xobeh.
  8718 | D:10     | Entered Level 10 of the Dungeon
  8791 | D:10     | Reached XP level 11. HP: 61/73 MP: 11/11
  9086 | D:10     | Found Weut's Distillery.
  9181 | D:10     | Got an ichor-stained flail
  9210 | D:10     | Reached skill level 12 in Maces & Flails
  9356 | D:10     | Reached * piety under Makhleb
  9443 | D:10     | Found Dakhleg's Distillery.
  9446 | D:10     | Bought a potion of might for 44 gold pieces
  9446 | D:10     | Bought a potion of resistance for 110 gold pieces
  9471 | D:10     | Noticed an eight-headed hydra
  9487 | D:10     | Killed an eight-headed hydra
  9907 | D:10     | Noticed a hill giant
  9923 | D:10     | Killed a hill giant
  9954 | D:10     | Found Nyluesur's General Store.
 10157 | D:10     | Noticed Grum
 10173 | D:10     | Killed Grum
 10382 | D:10     | Found Yddua's Magic Scroll Boutique.
 10613 | D:11     | Found a staircase to the Lair.
 10901 | D:11     | Reached ** piety under Makhleb
 11105 | D:11     | Identified the cursed +1 flail of Midwinter {distort, rElec} (You found it on level 10 of the Dungeon)
 11219 | D:11     | Found a shimmering altar of Xom.
 11220 | D:11     | Noticed a hill giant
 11236 | D:11     | Killed a hill giant
 12042 | D:11     | Reached *** piety under Makhleb
 12087 | D:12     | Noticed Nessos
 12087 | D:12     | Noticed a hill giant
 12124 | Lair:1   | Entered Level 1 of the Lair of Beasts
 12272 | Lair:1   | Found a snail-covered altar of Cheibriados.
 12322 | Lair:1   | Noticed Aquadorian's ghost (novice GrEE)
 12345 | Lair:1   | Killed Aquadorian's ghost
 12391 | Lair:1   | Noticed Joseph
 12413 | Lair:1   | Killed Joseph
 12413 | Lair:1   | Reached skill level 5 in Shields
 12413 | Lair:1   | Reached XP level 12. HP: 78/81 MP: 12/12
 12602 | Lair:1   | Reached skill level 13 in Maces & Flails
 13041 | Lair:1   | Noticed a six-headed hydra
 13052 | Lair:1   | Killed a six-headed hydra
 13801 | Lair:2   | Reached skill level 5 in Armour
 14329 | Lair:2   | Identified a +1 rod of shadows (14/14) (You found it on level 2 of the Lair of Beasts)
 14439 | Lair:3   | Reached **** piety under Makhleb
 15002 | Lair:3   | Noticed Urug
 15017 | Lair:3   | Killed Urug
 15038 | Lair:3   | Found a staircase to the Swamp.
 15040 | Lair:3   | Noticed a seven-headed hydra
 15058 | Lair:3   | Killed a seven-headed hydra
 15842 | Lair:4   | Found a bloodstained altar of Trog.
 16001 | Lair:4   | Found a hole to the Spider Nest.
 16303 | Lair:4   | Reached XP level 13. HP: 87/87 MP: 13/13
 17019 | Lair:5   | Noticed Maud
 17050 | Lair:5   | Killed Maud
 17426 | Lair:5   | Found an opulent altar of Gozag.
 17839 | Lair:6   | Reached skill level 14 in Maces & Flails
 17922 | Lair:6   | Found a staircase to the Slime Pits.
 18649 | Lair:7   | Reached ***** piety under Makhleb
 19252 | Lair:7   | Reached skill level 10 in Shields
 19383 | Lair:7   | Gained mutation: Your large and strong wings let you fly indefinitely. [Gargoyle growth]
 19383 | Lair:7   | Reached XP level 14. HP: 94/94 MP: 14/14
 19458 | Lair:7   | Gained mutation: You are covered in fur (AC +1). [a neqoxec]
 19496 | Lair:7   | Gained mutation: You are dopey. (Int -2) [a neqoxec]
 19500 | Lair:7   | Gained mutation: You are very dopey. (Int -4) [a neqoxec]
 19504 | Lair:7   | Lost mutation: You are very dopey. (Int -4) [a neqoxec]
 19760 | Lair:8   | Entered Level 8 of the Lair of Beasts
 20889 | Lair:8   | Reached skill level 15 in Maces & Flails
 21446 | Lair:8   | Found a runed door.
 21573 | Lair:8   | Reached XP level 15. HP: 84/100 MP: 15/15
 22159 | Orc:1    | Entered Level 1 of the Orcish Mines
 22580 | Orc:2    | Entered Level 2 of the Orcish Mines
 23013 | Orc:2    | Reached ****** piety under Makhleb
 23017 | Orc:2    | Found a roughly hewn altar of Beogh.
 23053 | Orc:2    | Found Bippaen's Distillery.
 23071 | Orc:2    | Bought a potion of beneficial mutation for 385 gold pieces
 23071 | Orc:2    | Bought a potion of might for 44 gold pieces
 23346 | Orc:2    | Gained mutation: You have large cloven feet. [potion of beneficial mutation]
 23819 | Orc:2    | Noticed an orc warlord
 23824 | Orc:2    | Found Beklaen's Antique Armour Shoppe.
 23825 | Orc:2    | Found a roughly hewn altar of Beogh.
 23835 | Orc:2    | Killed an orc warlord
 23837 | Orc:2    | Found Irigh's Antique Weapon Emporium.
 23982 | Orc:2    | Found a roughly hewn altar of Beogh.
 24027 | Orc:2    | Found a staircase to the Elven Halls.
 24028 | Orc:2    | Found a roughly hewn altar of Beogh.
 24028 | Orc:2    | Found a roughly hewn altar of Beogh.
 24219 | Orc:2    | Found a roughly hewn altar of Beogh.
 24243 | Orc:2    | Found Ecsuing's Distillery.
 24253 | Orc:2    | Bought a potion of cure mutation for 350 gold pieces
 24253 | Orc:2    | Bought a potion of haste for 140 gold pieces
 24253 | Orc:2    | Bought 2 potions of agility for 112 gold pieces
 24253 | Orc:2    | Bought 2 potions of agility for 112 gold pieces
 24253 | Orc:2    | Bought a potion of curing for 42 gold pieces
 24331 | Orc:2    | Found a roughly hewn altar of Beogh.
 24412 | Orc:2    | Noticed an orc warlord
 24702 | Orc:2    | Killed an orc warlord
 25053 | D:12     | Noticed Rationalist's ghost (journeyman FoFi)
 25104 | D:12     | Killed Rationalist's ghost
 25146 | D:12     | Killed Nessos
 25559 | D:12     | Noticed Snorg
 25586 | D:12     | Killed Snorg
 26342 | D:13     | Reached skill level 1 in Crossbows
 26416 | D:13     | Found a gate to the Vaults.
 26417 | D:13     | Noticed Norris
 26430 | D:13     | Reached skill level 1 in Invocations
 26815 | D:13     | Reached skill level 10 in Armour
 27095 | D:13     | Reached skill level 1 in Evocations
 27155 | D:13     | Paralysed by Norris for 4 turns
 27165 | D:13     | Killed Norris
 27165 | D:13     | Reached skill level 16 in Maces & Flails
 27165 | D:13     | Reached XP level 16. HP: 73/106 MP: 16/16
 27506 | D:13     | Noticed Kirke
 27530 | D:13     | Killed Kirke
 27594 | D:14     | Noticed Louise
 27608 | D:14     | Cast into level 2 of the Abyss (Louise)
 27736 | Abyss:2  | Noticed a tentacled monstrosity
 27769 | Abyss:2  | Killed a tentacled monstrosity
 27943 | Abyss:2  | Paralysed by accursed screaming for 1 turns
 27980 | Abyss:2  | HP: 1/107 [starcursed mass/accursed screaming (11)]
 27986 | Abyss:2  | Killed from afar by a starcursed mass

Skill      XL: |  1  2  3  4  5  6  7  8  9 10 11 12 13 14 15 |
---------------+----------------------------------------------+-----
Fighting       | 4 5 6 7 9 10 11 12 13 14 | 14.6
Dodging        | 1 2 3 4 5 7 8 |  8.7
Maces & Flails | 3 4 7 9 11 12 13 14 15 16 | 16.4
Shields        | 5 7 10 12 14 | 14.5
Armour         | 4 6 7 8 10 | 10.4
Crossbows      | 1 |  1.3
Invocations    | 1 |  1.2
Evocations     | 1 |  1.0
Stealth        | |  0.8

Action                   |  1- 3 |  4- 6 |  7- 9 | 10-12 | 13-15 | 16-18 || total
-------------------------+-------+-------+-------+-------+-------+-------++-------
Melee: Flail             |   135 |   209 |   503 |   889 |  2446 |   167 ||  4349
       Kick              |       |       |       |       |   302 |    67 ||   369
 Fire: Hand crossbow     |       |       |       |       |    29 |       ||    29
Invok: Lesser Servant of |       |       |       |    11 |    38 |     2 ||    51
       Minor Destruction |       |       |       |     1 |     1 |       ||     2
Evoke: Wand              |       |       |       |     4 |    16 |       ||    20
  Use: Scroll            |     4 |     4 |    17 |    21 |    16 |       ||    62
       Potion            |     1 |     4 |     2 |     9 |    23 |     4 ||    43
 Stab: Distracted        |       |       |       |     1 |       |       ||     1
       Invisible         |       |       |       |       |     8 |       ||     8
  Eat: Bread ration      |       |     1 |     1 |     3 |     6 |       ||    11
       Meat ration       |       |     1 |     2 |     1 |       |       ||     4
       Fruit             |       |       |     1 |     3 |     8 |       ||    12
       Beef jerky        |       |       |       |     5 |     2 |       ||     7
       Pizza             |       |       |       |     4 |     1 |       ||     5
       Royal jelly       |       |       |       |       |     4 |       ||     4
Armor: Scale mail        |   120 |   102 |   285 |   676 |    88 |       ||  1271
       Skin              |       |       |       |     6 |       |       ||     6
       Plate armour      |       |       |       |       |  1502 |    63 ||  1565
Dodge: Dodged            |    67 |    64 |   166 |   469 |  1390 |    53 ||  2209
Block: Shield            |   130 |    90 |   219 |   701 |  2441 |    83 ||  3664
